 Dungeon Crawl Stone Soup version 0.24.0-2-g5b39cebb1c (webtiles) character file.

Game seed: 9946006935887224987, levelgen mode: deterministic

1696 Arixos the Magician (level 8, -14/48 HPs)
             Began as a Deep Elf Assassin on Oct 31, 2019.
             Was a Believer of Vehumet.
             Demolished by Pikel
             ... wielding a +0 whip of electrocution
              (18 damage)
             ... on level 6 of the Dungeon.
             The game lasted 00:39:07 (8594 turns).

Arixos the Magician (Deep Elf Assassin)             Turns: 8594, Time: 00:39:07

Health: -14/48     AC:  9    Str:  8      XL:     8   Next: 72%
Magic:  8/18       EV: 17    Int: 19      God:    Vehumet [**....]
Gold:   228        SH:  3    Dex: 15 (16) Spells: 14/18 levels left

rFire    + . .     SeeInvis +   a - +4 short sword
rCold    + . .     Gourm    .   h - -2 buckler (curse)
rNeg     . . .     Faith    .   i - +3 ring mail of the Eight Boll Weevils {rF+ rC+}
rPois    .         Spirit   .   y - +0 hat
rElec    .         Reflect  .   c - +0 cloak
rCorr    .         Harm     .   (no gloves)
MR       .....                  (no boots)
Stlth    ++........             (no amulet)
HPRegen  0.16/turn              m - +5 ring of evasion
MPRegen  0.16/turn              q - ring of see invisible

@: very slightly contaminated
A: no striking features
a: Renounce Religion


You were on level 6 of the Dungeon.
You worshipped Vehumet.
Vehumet was pleased with you.
You were not hungry.

You visited 2 branches of the dungeon, and saw 8 of its levels.
You also visited: Sewer.

You collected 228 gold pieces.

Inventory:

Hand Weapons
 a - a +4 short sword (weapon)
 b - a +1 hand crossbow of flaming
Missiles
 o - 25 bolts
 p - 5 poisoned darts (quivered)
Armour
 c - a +0 cloak (worn)
 h - a cursed -2 buckler (worn)
 i - the +3 ring mail of the Eight Boll Weevils (worn) {rF+ rC+}
   (You found it on level 5 of the Dungeon)

   It protects you from fire.
   It protects you from cold.
 j - a +0 leather armour
 y - a +0 hat (worn)
Jewellery
 m - a +5 ring of evasion (left hand)
 q - a ring of see invisible (right hand)
 t - an uncursed ring of resist corrosion
Scrolls
 d - a scroll of blinking {unknown}
 e - 4 scrolls of teleportation {unknown}
 g - 2 scrolls of amnesia {unknown}
 k - 3 scrolls of identify
 l - a scroll of enchant weapon {unknown}
 r - a scroll of immolation {unknown}
 s - 3 scrolls of enchant armour
 u - a scroll of fear {unknown}
 w - a scroll of noise {unknown}
 x - a scroll of magic mapping
 z - a scroll of fog {unknown}
 D - a scroll of remove curse {unknown}
Potions
 n - 8 potions of heal wounds
 v - 2 potions of brilliance {unknown}
 A - a potion of agility
 B - 2 potions of curing
 C - a potion of flight {unknown}
 E - a potion of might
 G - 2 potions of lignification {unknown}
Comestibles
 f - 7 rations
 F - 2 chunks of flesh


   Skills:
 + Level 4.0 Fighting
 - Level 2.0 Short Blades
 - Level 2.0 Throwing
 + Level 3.2 Armour
 + Level 5.2 Dodging
 - Level 4.8 Stealth
 - Level 4.0 Shields
 + Level 5.6 Spellcasting
 * Level 3.3 Conjurations
 + Level 0.0 Transmutations
 * Level 3.3 Fire Magic
 + Level 0.0 Poison Magic


You had 14 spell levels left.
You knew the following spells:

 Your Spells              Type           Power        Failure   Level  Hunger
a - Flame Tongue          Conj/Fire      ###..        9%          1    None
i - Ignite Poison         Fire/Tmut/Pois #.......     54%         3    ##.....
Your spell library was empty.

Dungeon Overview and Level Annotations

Branches:
Dungeon (7/15)             Temple (1/1) D:4           Sewer (visited)

Altars:
Ashenzari
Cheibriados
Dithmenos
Elyvilon
Fedhas
Gozag
Hepliaklqana
Makhleb
Nemelex Xobeh
Okawaru
Qazlal
Ru
Sif Muna
Trog
Uskayaw
Vehumet
Xom
Yredelemnul
Zin
The Shining One

Shops:
D:4 =

Annotations:
D:2 1 runed translucent door, Crazy Yiuf
D:5 Sigmund
D:6 Pikel


Message History

Confirm with . or Enter, or press ? or * to list all spells.
Aiming: Flame Tongue (safe; 9% risk of failure)
Press: ? - help, Shift-Dir - straight line, f/p - Pikel
Aim: Pikel, wielding a +0 whip of electrocution and wearing a +0 robe (almost dead)
The flame tongue hits Pikel.
Pikel is almost dead.
Pikel hits you with a +0 whip of electrocution!
You are electrocuted!
* * * LOW HITPOINT WARNING * * *
Casting: Flame Tongue (safe; 9% risk of failure)
Confirm with . or Enter, or press ? or * to list all spells.
Aiming: Flame Tongue (safe; 9% risk of failure)
Press: ? - help, Shift-Dir - straight line, f/p - Pikel
Aim: Pikel, wielding a +0 whip of electrocution and wearing a +0 robe (almost dead)
The flame tongue hits Pikel but does no damage.
Pikel is almost dead.
Pikel hits you with a +0 whip of electrocution!
* * * LOW HITPOINT WARNING * * *
You are electrocuted!!
You die...

##......##..........#......######
##....##########.....#'####.....'
##.#....# #..'.....+.# #.#####
...#....# ###+##.รท...### #.# #
.###....# #.....###### #.# .#
#....# #.....# ###+## # ##
#....###.....##### #....# # #
#.....####'#.....# #....####
######+#.# #.+K@...### #....)..'
.......#.######.......# #...)####
.#######....# ###.#...###....# #
.# ####.# #.#.......#### # .# #.#
#.#.......# # .# #.# #.###.....#
# .# #.# #.# #.....# # ##
#.#####.# ####### # #.......# #


You could see Pikel.

Vanquished Creatures
  A phantom (D:6)
  A centaur (D:4)
  A big kobold (Sewer)
  A bullfrog (D:6)
  A scorpion (D:4)
  2 howler monkeys
  6 crimson imps
  2 bullfrog zombies (D:6)
  3 bullfrog skeletons
  2 orc priests
  3 hounds
  5 orc wizards
  Jessica (D:2)
  Terence (D:2)
  2 iguanas (D:4)
  7 worker ants
  6 gnolls
  14 adders
  4 river rats (Sewer)
  An ooze (Sewer)
  An adder skeleton (D:4)
  2 worms (D:5)
  3 dart slugs (D:1)
  4 leopard geckos
  14 orcs
  7 giant cockroaches
  5 goblins
  9 hobgoblins
  3 jackals (D:3)
  23 kobolds
  7 quokkas
  6 ball pythons
  9 bats
  4 frilled lizards
  A quokka skeleton (D:6)
  29 rats
191 creatures vanquished.

Notes
Turn   | Place    | Note
-------+----------+-------------------------------------------
     0 | D:1      | Arixos the Deep Elf Assassin began the quest for the Orb.
     0 | D:1      | Reached XP level 1. HP: 12/12 MP: 3/3
   195 | D:1      | Reached skill level 1 in Spellcasting
   202 | D:1      | Reached XP level 2. HP: 17/17 MP: 5/5
   792 | D:1      | Reached skill level 1 in Shields
   798 | D:1      | Reached XP level 3. HP: 21/21 MP: 7/7
  1591 | D:2      | Reached XP level 4. HP: 8/26 MP: 7/9
  1950 | D:2      | Noticed Jessica
  1956 | D:2      | Killed Jessica
  2042 | D:2      | Reached skill level 1 in Armour
  2069 | D:2      | Reached XP level 5. HP: 28/31 MP: 10/10
  2224 | D:2      | Found a runed translucent door.
  2225 | D:2      | Noticed Crazy Yiuf
  2320 | D:2      | Noticed Terence
  2329 | D:2      | Killed Terence
  3613 | D:4      | Reached XP level 6. HP: 32/36 MP: 12/12
  3956 | D:4      | Found Qigob's Jewellery Boutique.
  4170 | D:4      | Found a staircase to the Ecumenical Temple.
  4187 | Temple   | Entered the Ecumenical Temple
  4493 | D:4      | Reached XP level 7. HP: 32/41 MP: 14/14
  4581 | D:4      | Found a shimmering altar of Xom.
  4662 | D:4      | HP: 1/41 [crimson imp/+1 dagger of chaos (11)]
  4982 | Temple   | Paralysed by a crimson imp for 3 turns
  6018 | D:5      | Entered Level 5 of the Dungeon
  6059 | D:5      | Found a radiant altar of Vehumet.
  6061 | D:5      | Found an iron altar of Okawaru.
  6067 | D:5      | Became a worshipper of Vehumet
  6380 | D:5      | Found a glowing drain.
  6409 | Sewer    | Entered a sewer
  6819 | Sewer    | Reached * piety under Vehumet
  6819 | Sewer    | Offered knowledge of Flame Tongue by Vehumet.
  6822 | Sewer    | Learned a level 1 spell: Flame Tongue
  6999 | Sewer    | Reached skill level 1 in Fire Magic
  6999 | Sewer    | Reached XP level 8. HP: 39/47 MP: 8/17
  7001 | Sewer    | Reached ** piety under Vehumet
  7004 | Sewer    | Offered knowledge of Sting by Vehumet.
  7289 | D:5      | Reached skill level 1 in Conjurations
  7379 | D:5      | Noticed Sigmund
  7565 | D:5      | Got an ancient ring mail
  7566 | D:5      | Identified the +3 ring mail of the Eight Boll Weevils {rF+
                  | rC+} (You found it on level 5 of the Dungeon)
  7624 | D:6      | Reached skill level 5 in Spellcasting
  8154 | D:6      | Reached skill level 5 in Dodging
  8536 | D:7      | Offered knowledge of Ignite Poison by Vehumet.
  8546 | D:7      | Noticed Pikel
  8569 | D:6      | Learned a level 3 spell: Ignite Poison
  8594 | D:6      | Demolished by Pikel

Levels and vault maps discovered:
D:1:      dpeg_arrival_court, layout_rooms
D:2:      layout_loops_ring, uniq_crazy_yiuf_cottage, uniq_jessica, uniq_terence
D:3:      layout_loops_ring, minmay_misc_feat_four_crosses
D:4:      layout_rooms, minmay_temple_entry_slanted, first_ration, serial_shops,
          shop, led_xom_imps
D:5:      layout_cave_pools, minitemple, cheibrodos_sewer_entry_bend,
          serial_park_tiny_1, uniq_sigmund, uniq_edmund
D:6:      layout_basic
D:7:      layout_rooms, uniq_pikel, uniq_harold
Temple:   dpeg_five_rooms_temple

Skill      XL: |  1  2  3  4  5  6  7  8 |
---------------+-------------------------+-----
Spellcasting   | 1 2 3 4 5 |  5.6
Dodging        | 2 3 4 5 |  5.2
Fighting       | 2 3 4 |  4.0
Shields        | 1 2 3 4 |  4.0
Armour         | 1 2 3 |  3.2
Fire Magic     | 1 3 |  3.3
Conjurations   | 3 |  3.3
Short Blades   | |  2.0
Throwing       | |  2.0
Stealth        | |  4.8

Action                   |  1- 3 |  4- 6 |  7- 9 || total
-------------------------+-------+-------+-------++-------
Melee: Dagger            |    88 |    44 |       ||   132
       Short sword       |       |   115 |   273 ||   388
 Fire: Hand crossbow     |       |       |    35 ||    35
Throw: Dart              |    47 |   100 |    54 ||   201
 Cast: Flame Tongue      |       |       |   105 ||   105
  Use: Potion            |       |       |     6 ||     6
       Scroll            |       |       |     3 ||     3
 Stab: Sleeping          |       |     4 |     4 ||     8
  Eat: Chunk             |     2 |     9 |    10 ||    21
       Ration            |       |       |     1 ||     1
Armor: Robe              |    11 |     2 |       ||    13
       Leather armour    |       |    18 |    36 ||    54
       Skin              |       |       |    10 ||    10
       Ring mail         |       |       |    26 ||    26
Dodge: Dodged            |    41 |   140 |   254 ||   435
Block: Buckler           |     2 |    18 |    35 ||    55
